General information
- name: Local Game (timg5strok)
- type: Custom game
- host: timg5strok
- saver: timg5strok
map: TheTwoRivers
- players: 2
- length: 12:50
- speed: Fast
- version: 1.24 W3XP
- replay type: Public
» download(95 KB)
Players
team 1 (loser)
timg5strok (
gray | 154 APM | 1975 actions | 12:50)
4 Archmage
2 Summon Water Elemental
2 Brilliance Aura
1 Mountain King
1 Storm Bolt
» actions
| Assign group hotkey | 23 | |
| Basic commands | 44 | |
| Build / train | 41 | |
| Enter build submenu | 18 | |
| Enter hero's abilities submenu | 5 | |
| Right click | 906 | |
| Select / deselect | 230 | |
| Select group hotkey | 640 | |
| Use ability | 68 | |
1975 total
» units
| Peasant | 11 | |
| Footman | 5 | |
| Gryphon Rider | 4 | |
20 total
» upgrades
» buildings
| Altar of Kings | 1 | |
| Barracks | 1 | |
| Farm | 7 | |
| Scout Tower | 1 | |
| Arcane Tower | 1 | |
| Arcane Vault | 1 | |
| Keep | 1 | |
| Castle | 1 | |
| Lumber Mill | 1 | |
| Blacksmith | 1 | |
| Gryphon Aviary | 2 | |
18 total
» build order
00:06 Altar of Kings
00:13 Barracks
00:21 Farm
00:58 Farm
01:51 Farm
02:18 Scout Tower
03:01 Arcane Tower
03:05 Arcane Vault
03:34 Keep
04:12 Farm
04:14 Farm
06:00 Castle
06:02 Farm
06:04 Lumber Mill
06:18 Blacksmith
06:45 Farm
07:54 Gryphon Aviary
07:54 Gryphon Aviary
» items
| Scroll of Regeneration | 3 | |
| Lesser Clarity Potion | 1 | |
| Scroll of Town Portal | 2 | |
| Staff of Sanctuary | 1 | |
| Potion of Healing | 2 | |
9 total
team 2 (winner)
Asp_ (
purple | 222 APM | 2847 actions | 12:50)
3 Blademaster
2 Wind Walk
1 Critical Strike
2 Shadow Hunter
1 Hex
1 Healing Wave
» actions
| Assign group hotkey | 25 | |
| Basic commands | 3 | |
| Build / train | 63 | |
| Enter build submenu | 10 | |
| Enter hero's abilities submenu | 5 | |
| Give item / drop item | 1 | |
| Right click | 1334 | |
| Select / deselect | 173 | |
| Select group hotkey | 1161 | |
| Use ability | 72 | |
2847 total
» units
| Peon | 15 | |
| Grunt | 8 | |
| Raider | 4 | |
| Spirit Walker | 3 | |
| Troll Batrider | 3 | |
| Troll Headhunter/Berserker | 3 | |
36 total
» upgrades
| Berserker Strength | 1 | |
| Spirit Walker Training | 1 | |
| Ensnare | 1 | |
| Pillage | 1 | |
| Armor | 1 | |
| Melee Weapons | 1 | |
6 total
» buildings
| Altar of Storms | 1 | |
| Orc Burrow | 4 | |
| Barracks | 1 | |
| Voodoo Lounge | 1 | |
| Stronghold | 1 | |
| Beastiary | 1 | |
| Spirit Lodge | 1 | |
| War Mill | 1 | |
11 total
» build order
00:06 Altar of Storms
00:15 Orc Burrow
00:34 Barracks
01:36 Orc Burrow
01:50 Voodoo Lounge
03:14 Stronghold
04:13 Orc Burrow
05:51 Beastiary
05:52 Spirit Lodge
06:27 Orc Burrow
08:14 War Mill
» items
| Boots of Speed | 1 | |
| Healing Salve | 3 | |
| Lesser Clarity Potion | 3 | |
| Scroll of Speed | 2 | |
9 total
Chat log
(00:00 / All) Asp_: yessir
(09:46 / All) timg5strok: lmao
(09:52 / All) timg5strok: gay shit
(12:49 / All) timg5strok: gg